 Dungeon Crawl Stone Soup version 0.28.0-53-g5a82cb258f (webtiles) character file.

Game seed: 10578774244789132874

588 bnorton916 the Magician (level 7, -5/35 (36) HPs)
             Began as a Deep Elf Fire Elementalist on July 11, 2022.
             Killed from afar by an orc wizard (10 damage)
             ... with a puff of flame
             ... on level 4 of the Dungeon.
             The game lasted 00:04:32 (6379 turns).

bnorton916 the Magician (DEFE)                      Turns: 6379, Time: 00:04:32

HP:   -5/35 (36)    AC:  3    Str:  2 (5)  XL:     7   Next: 15%
MP:   9/18          EV: 12    Int: 19 (22) God:
Gold: 116           SH:  0    Dex: 13 (15) Spells: 4/18 levels left

rFire   . . .      SeeInvis .   c - +1 dagger (venom)
rCold   . . .      Faith    .   (no shield)
rNeg    . . .      Spirit   .   a - +0 robe
rPois   .          Reflect  .   (no helmet)
rElec   .          Harm     .   (no cloak)
rCorr   .          Rampage  .   (no gloves)
Will    .....                   k - +0 pair of boots
Stlth   ++........              (no amulet)
HPRegen 0.11/turn               (no ring)
MPRegen 0.16/turn               (no ring)

@: lightly drained
A: no striking features
a: no special abilities


You were on level 4 of the Dungeon.
You visited 2 branches of the dungeon, and saw 5 of its levels.

You collected 116 gold pieces.

Inventory:

Hand Weapons
 c - a +1 dagger of venom (weapon)
 u - a +5 scimitar
Missiles
 b - 157 stones
 r - 3 poisoned darts
 t - 2 throwing nets
Armour
 a - a +0 robe (worn)
 k - a +0 pair of boots (worn)
Magical Staves
 o - a staff of fire
Scrolls
 e - 2 scrolls of enchant armour {unknown}
 g - a scroll of teleportation {unknown}
 j - a scroll of immolation {unknown}
 l - a scroll of vulnerability {unknown}
 p - 4 scrolls of identify {unknown}
 q - a scroll of fog {unknown}
Potions
 d - a potion of degeneration
 f - a potion of resistance {unknown}
 h - 2 potions of curing {unknown}
 i - 2 potions of heal wounds {unknown}
 m - a potion of lignification {unknown}
 n - a potion of brilliance {unknown}
 s - a potion of might {unknown}


   Skills:
 - Level 2.4 Dodging
 - Level 2.4 Stealth
 + Level 6.2 Spellcasting
 + Level 4.6 Conjurations
 + Level 2.2 Translocations
 + Level 5.6 Fire Magic


You had 4 spell levels left.
You knew the following spells:

 Your Spells              Type           Power      Damage    Failure   Level
a - Foxfire               Conj/Fire      100%       2x1d9     1%          1
b - Scorch                Fire           54%        2d7       1%          2
c - Conjure Flame         Conj/Fire      25%        6-21      4%          3
d - Flame Wave            Conj/Fire      25%        2d7       13%         4
e - Iskenderun's Mystic   Conj/Tloc      19%        2d6       26%         4

Your spell library contained the following spells:

 Spells                   Type           Power      Damage    Failure   Level
 Summon Small Mammal      Summ           20%        N/A       11%         1
 Inner Flame              Hex/Fire       16%        N/A       11%         3
 Dazzling Flash           Conj/Hex       28%        N/A       13%         3
 Call Canine Familiar     Summ           5%         N/A       32%         3
 Summon Guardian Golem    Hex/Summ       5%         N/A       32%         3
 Starburst                Conj/Fire      12%        6d5       90%         6


Dungeon Overview and Level Annotations

Branches:
Dungeon (4/15)             Temple (1/1) D:4

Altars:
Dithmenos
Elyvilon
Fedhas
Hepliaklqana
Nemelex Xobeh
Qazlal
Ru
Trog
Vehumet
Wu Jian
The Shining One

Shops:
D:2 [[:


Message History

Confirm with . or Enter, or press ? or * to list all spells.
You conjure some foxfire!
The orc shouts!
An orc wizard comes into view. It is wielding a +0 dagger.
An orc comes into view. It is wielding a +0 dagger.
Casting: Foxfire (safe; 1% risk of failure)
Confirm with . or Enter, or press ? or * to list all spells.
You conjure some foxfire!
The foxfire hits the orc wizard.
The orc wizard is moderately wounded.
Your foxfire dissipates!
The foxfire hits the orc.
The orc is severely wounded.
The foxfire hits the orc wizard.
The orc wizard is severely wounded.
Casting: Foxfire (safe; 1% risk of failure)
Confirm with . or Enter, or press ? or * to list all spells.
You conjure some foxfire!
The foxfire hits the orc wizard.
The orc wizard is almost dead.
The foxfire hits the orc.
You kill the orc!
The orc wizard casts a spell at you. The magic dart hits you!
The orc wizard points at you and mumbles some strange words.
You are confused.
The orc wizard casts a spell at you. The magic dart hits you.
The orc wizard points at you and mumbles some strange words.
The puff of flame misses you.
The orc wizard gestures at you while chanting.
The magic dart hits you!
* * * LOW HITPOINT WARNING * * *
You bump into the rock wall.
You feel less confused.
It was a potion of degeneration.
There was something very wrong with that liquid.
You feel weakened.
You feel dopey.
You feel clumsy.
The orc wizard points at you and mumbles some strange words.
The puff of flame hits you!
You die...

...# #..§≈...§≈§.# §........
...# #....._....)####..†.....
...# #..≈§...≈≈..).....).....
...####..≈.....≈............##
...........≈.≈.)....o......##
..........≈≈.§≈.....).....##
..........................#
......................#'###
###.............@o....#§..
#>...)....).#########...#
######......+ '### #..[...#
#......##+# . #..........
..##. #........... .....
#........... .... #...........


You could see an orc wizard and an orc.

Vanquished Creatures
  Grinder (D:3)
  A jelly (D:4)
  4 wights (D:4)
  A hound skeleton (D:4)
  8 gnolls
  4 adders
  3 dart slugs
  An orc (D:4)
  5 ball pythons
  4 endoplasms
  6 giant cockroaches
  3 goblins
  4 hobgoblins
  4 kobolds
  5 quokkas
  3 bats
  5 frilled lizards
  3 rats
65 creatures vanquished.

Vanquished Creatures (others)
  349 foxfires
349 creatures vanquished.

Grand Total: 414 creatures vanquished

Notes
Turn   | Place    | Note
-------+----------+-------------------------------------------
     0 | D:1      | bnorton916 the Deep Elf Fire Elementalist began the quest
                  | for the Orb.
     0 | D:1      | Reached XP level 1. HP: 10/10 MP: 6/6
    35 | D:1      | Found a faded altar of an unknown god.
   602 | D:1      | Reached XP level 2. HP: 15/15 MP: 5/8
  1400 | D:2      | Found Ynuntoby's Book Shoppe.
  1429 | D:2      | Found Kygec's Antique Armour Shop.
  1676 | D:2      | Found Deiwigig's Armour Emporium.
  1904 | D:2      | Reached XP level 3. HP: 19/19 MP: 6/10
  2387 | D:2      | Reached skill level 4 in Spellcasting
  2522 | D:2      | Learned a level 2 spell: Scorch
  2526 | D:2      | Learned a level 3 spell: Conjure Flame
  2564 | D:2      | Reached XP level 4. HP: 24/24 MP: 1/12
  3459 | D:3      | Identified a scroll of acquirement
  3459 | D:3      | Acquired a book of Spectacle
  3466 | D:3      | Learned a level 4 spell: Flame Wave
  3652 | D:3      | Noticed Grinder
  3666 | D:3      | Killed Grinder
  3667 | D:3      | Reached skill level 5 in Spellcasting
  3667 | D:3      | Reached skill level 5 in Fire Magic
  3667 | D:3      | Reached XP level 5. HP: 13/28 MP: 3/14
  3667 | D:3      | Reached XP level 6. HP: 15/32 MP: 3/16
  3672 | D:3      | Learned a level 4 spell: Iskenderun's Mystic Blast
  4900 | D:3      | Found an ornate altar of the Wu Jian Council.
  5027 | D:4      | Found a staircase to the Ecumenical Temple.
  5036 | Temple   | Entered the Ecumenical Temple
  5395 | D:4      | Found a white marble altar of Elyvilon.
  5470 | D:4      | Reached skill level 1 in Translocations
  6316 | D:4      | Reached skill level 6 in Spellcasting
  6316 | D:4      | Reached XP level 7. HP: 24/36 MP: 9/18
  6379 | D:4      | Killed from afar by an orc wizard

Illustrated notes

Levels and vault maps discovered:
D:1:      dpeg_arrival_stone_temple_mockup, layout_loops_corners,
          ebering_ecumenical_altar_rust, hex_medium
D:2:      layout_loops_corners, serial_shops, shop, nicolae_shop_hallway_stairs,
          nicolae_diamond_shop
D:3:      layout_loops_corners, mainiacjoe_overflow_six_doors_small,
          hangedman_decor_push, chequers_serial_rivers_room_a,
          minmay_fountain_box, uniq_grinder
D:4:      layout_gridville, mainiacjoe_overflow_small_starburst,
          marbit_many_paths, grunt_temple_overflow_cloverleaf,
          minmay_temple_entry_stoned_glass
Temple:   jpeg_temple_island

Skill      XL: |  1  2  3  4  5  6 |
---------------+-------------------+-----
Conjurations   | 2 3 4 |  4.6
Fire Magic     | 4 5 |  5.6
Spellcasting   | 4 5 6 |  6.2
Translocations | 2 |  2.2
Dodging        | |  2.4
Stealth        | |  2.4

Action                   |  1- 3 |  4- 6 |  7- 9 || total
-------------------------+-------+-------+-------++-------
 Cast: Foxfire           |   102 |   101 |     7 ||   210
       Conjure Flame     |     2 |       |       ||     2
       Scorch            |       |    14 |     1 ||    15
       Flame Wave        |       |     1 |       ||     1
  Use: Scroll            |       |     1 |       ||     1
       Potion            |       |       |     1 ||     1
Armor: Robe              |     1 |     1 |       ||     2
Dodge: Dodged            |     6 |    12 |     1 ||    19
